 Dungeon Sprint DCSS version 0.26-a0-668-gd58323b419 (webtiles) character file.

Game seed: 10575021686083236921

719 sahdkjhfkaj the Frost Mage (level 7, -8/36 HPs)
             Began as a Deep Elf Ice Elementalist on Oct 18, 2020.
             Was an Elder of Sif Muna.
             Killed from afar by a deep elf mage (31 damage)
             ... with a bolt of fire
             ... in the Dungeon (Sprint VII: "The Pits").
             The game lasted 00:04:10 (880 turns).

sahdkjhfkaj the Frost Mage (DEIE)                    Turns: 880, Time: 00:04:11

Health: -8/36      AC:  2    Str:  6    XL:     7   Next: 42%
Magic:  17/22      EV: 18    Int: 21    God:    Sif Muna [****..]
Gold:   0          SH:  0    Dex: 15    Spells: 18/26 levels left

rFire    . . .     SeeInvis .   m - +2 quarterstaff (speed)
rCold    . . .     Faith    .   (shield currently unavailable)
rNeg     . . .     Spirit   .   a - +0 robe
rPois    .         Reflect  .   (no helmet)
rElec    .         Harm     .   (no cloak)
rCorr    .         Rampage  .   (no gloves)
MR       .....     NoTele   +   (no boots)
Stlth    ++........             (no amulet)
HPRegen  0.12/turn              (no ring)
MPRegen  0.18/turn              (no ring)

@: frozen ramparts
A: no striking features
a: Channel Magic, Forget Spell, Divine Exegesis, Renounce Religion


You were in the Dungeon.
You worshipped Sif Muna.
Sif Muna was greatly pleased with you.
You visited 1 branch

Inventory:

Hand Weapons
 m - a +2 quarterstaff of speed (weapon)
Armour
 a - a +0 robe (worn)
Scrolls
 h - a scroll of blinking
 j - 3 scrolls of remove curse
 k - 5 scrolls of amnesia
Potions
 c - 6 potions of curing {!q}
 d - 6 potions of heal wounds {!q}
 e - a potion of haste {!q}
 f - 4 potions of magic {!q}
 g - 2 potions of berserk rage {!q}
 i - 2 potions of invisibility {!q}


   Skills:
 + Level 9.4 Dodging
 - Level 2.4 Stealth
 + Level 10.0 Spellcasting
 - Level 5.0 Summonings
 * Level 11.9 Ice Magic
 + Level 5.4 Invocations


You had 18 spell levels left.
You knew the following spells:

 Your Spells              Type           Power        Failure   Level
a - Freeze                Ice            ####         1%          1
e - Frozen Ramparts       Ice            ######       1%          3
B - Summon Ice Beast      Ice/Summ       #####...     1%          4

Your spell library contained the following spells:

 Spells                   Type           Power        Failure   Level
 Ozocubu's Armour         Ice            ######..     1%          3
 Hailstorm                Conj/Ice       #####...     5%          4


Dungeon Overview and Level Annotations

Branches:
Dungeon (1/1)

Altars:
Ashenzari
Cheibriados
Dithmenos
Elyvilon
Fedhas
Gozag
Hepliaklqana
Kikubaaqudgha
Makhleb
Nemelex Xobeh
Okawaru
Qazlal
Ru
Sif Muna
Trog
Uskayaw
Vehumet
Wu Jian
Xom
Yredelemnul
Zin
The Shining One
Beogh
Jiyva
Lugonu


Message History

The wall freezes the deep elf mage.
The deep elf mage hits you with a +0 dagger.
The wall freezes something.
Unknown command.
Unknown command.
Casting: Freeze (safe; 1% risk of failure)
Confirm with . or Enter, or press ? or * to list all spells.
Aiming: Freeze (safe; 1% risk of failure)
Press: ? - help, Shift-Dir - straight line, f/p - deep elf mage
Aim: a deep elf mage, wielding a +0 dagger (moderately wounded)
You freeze the deep elf mage!
The deep elf mage is heavily wounded.
The red devil is frozen!
The wall freezes the red devil!
The red devil hits you from afar with a +0 demon trident!
* * * LOW HITPOINT WARNING * * *
The wall freezes the deep elf mage.
The deep elf mage casts a spell at you. The bolt of fire hits you!!
Ouch! That really hurt!
You die...

#.##'#.....##...<...#
#.#........##.......#
#†#........##.......#
#'###########.......#
#†......#.†##########
#..###..#†## ###
#....)..#.# ...#
##.###.##'#....#
#.....).#@e....+
#..###..#'#4...#
#.......'.# ...#
########### ###


You could see a deep elf mage and a red devil.

Vanquished Creatures
  A flying skull (D)
  A yak (D)
  An ice beast (D)
  A wolf (D)
  A bullfrog (D)
  2 scorpions (D)
  A hound (D)
  A jelly (D)
  An adder (D)
  A gnoll (D)
  An orc (D)
  2 giant cockroaches (D)
  2 goblins (D)
  A quokka (D)
  A bat (D)
  A kobold (D)
  2 rats (D)
21 creatures vanquished.

Notes
Turn   | Place    | Note
-------+----------+-------------------------------------------
     0 | D        | sahdkjhfkaj the Deep Elf Ice Elementalist began the quest
                  | for the Orb.
     0 | D        | Reached XP level 1. HP: 10/10 MP: 6/6
    38 | D        | Found a bloodstained altar of Trog.
    38 | D        | Found a shimmering blue altar of Sif Muna.
    38 | D        | Found a viscous altar of Jiyva.
    38 | D        | Found a hazy altar of Hepliaklqana.
    38 | D        | Found an opulent altar of Gozag.
    39 | D        | Found a glowing golden altar of the Shining One.
    39 | D        | Found a glowing silver altar of Zin.
    39 | D        | Found a basalt altar of Yredelemnul.
    39 | D        | Found a shimmering altar of Xom.
    39 | D        | Found an ornate altar of the Wu Jian Council.
    39 | D        | Found a sacrificial altar of Ru.
    39 | D        | Found a stormy altar of Qazlal.
    39 | D        | Found an iron altar of Okawaru.
    39 | D        | Found a sparkling altar of Nemelex Xobeh.
    39 | D        | Found a burning altar of Makhleb.
    39 | D        | Found a blossoming altar of Fedhas.
    39 | D        | Found a white marble altar of Elyvilon.
    39 | D        | Found a shadowy altar of Dithmenos.
    39 | D        | Found a snail-covered altar of Cheibriados.
    40 | D        | Found a radiant altar of Vehumet.
    40 | D        | Found a corrupted altar of Lugonu.
    40 | D        | Found a roughly hewn altar of Beogh.
    41 | D        | Found an ancient bone altar of Kikubaaqudgha.
    41 | D        | Found a hide-covered altar of Uskayaw.
    41 | D        | Found a broken altar of Ashenzari.
    44 | D        | Became a worshipper of Sif Muna the Loreminder
   154 | D        | Reached * piety under Sif Muna
   154 | D        | Reached skill level 5 in Ice Magic
   154 | D        | Reached XP level 2. HP: 15/15 MP: 1/9
   235 | D        | Noticed an ice beast
   236 | D        | Reached ** piety under Sif Muna
   243 | D        | Killed an ice beast
   243 | D        | Reached skill level 5 in Dodging
   243 | D        | Reached skill level 8 in Ice Magic
   243 | D        | Reached XP level 3. HP: 15/19 MP: 8/13
   243 | D        | Reached XP level 4. HP: 20/24 MP: 8/14
   400 | D        | Learned a level 3 spell: Frozen Ramparts
   405 | D        | Learned a level 4 spell: Summon Ice Beast
   419 | D        | Reached *** piety under Sif Muna
   419 | D        | Reached skill level 9 in Ice Magic
   419 | D        | Reached XP level 5. HP: 28/28 MP: 9/17
   507 | D        | Noticed a wolf
   510 | D        | Killed a wolf
   510 | D        | Reached **** piety under Sif Muna
   510 | D        | Reached skill level 10 in Ice Magic
   510 | D        | Reached XP level 6. HP: 21/32 MP: 12/19
   700 | D        | Noticed a yak
   706 | D        | Killed a yak
   706 | D        | Reached skill level 11 in Ice Magic
   734 | D        | Noticed a flying skull
   738 | D        | Reached XP level 7. HP: 20/36 MP: 18/22
   743 | D        | Killed a flying skull
   743 | D        | Reached skill level 10 in Spellcasting
   743 | D        | Reached skill level 5 in Summonings
   743 | D        | Reached skill level 5 in Invocations
   876 | D        | Noticed a red devil
   876 | D        | Noticed a deep elf mage
   880 | D        | Killed from afar by a deep elf mage

Illustrated notes

Levels and vault maps discovered:
D:        pitsprint [storerooms_1, entrance_room_1, metal_vault_5, armoury_3,
          mini_pit_1, grid_room_1, main_hall_1, silver_pit, the_coven_3,
          the_vestibule_1, steel_vault_4, golden_pit, hallway_of_sentries,
          crystal_vault_3, iron_vault_2, final_vault]

Skill      XL: |  1  2  3  4  5  6  7 |
---------------+----------------------+-----
Dodging        | 3 5 7 8 9 |  9.4
Spellcasting   | 4 6 7 8 9 10 | 10.0
Ice Magic      | 5 8 9 10 11 | 11.9
Invocations    | 2 4 5 |  5.4
Summonings     | 4 5 |  5.0
Stealth        | |  2.4

Action                   |  1- 3 |  4- 6 |  7- 9 || total
-------------------------+-------+-------+-------++-------
Melee: Quarterstaff      |     5 |     1 |     1 ||     7
 Cast: Freeze            |    13 |     4 |     2 ||    19
       Frozen Ramparts   |       |     5 |     1 ||     6
  Use: Potion            |     1 |       |       ||     1
       Scroll            |       |       |     1 ||     1
Armor: Robe              |     1 |     1 |       ||     2
Dodge: Dodged            |    12 |     8 |     3 ||    23

Table legend: (Time is in decaauts)
 A = Elapsed time spent in this place.
 B = Non-inter-level travel time spent in this place.
 C = Inter-level travel time spent in this place.
 D = Time resting spent in this place.
 E = Time spent auto-exploring this place.
 F = Levels seen in this place.
 G = Mean time per level.
                   A        B        C        D        E       F      G
               +--------+--------+--------+--------+--------+-----+--------+
         Total |    891 |    870 |     21 |    680 |      0 |   1 |  891.0 |
       Dungeon |    891 |    870 |     21 |    680 |      0 |   1 |  891.0 |
               +--------+--------+--------+--------+--------+-----+--------+

Top non-repeatable levels by time:
       D: 891 daAuts
